Map: Solaris LE

Players

INnoV - Winner!

  • Race: Terran Terran
  • League: Master
  • Spawn Location: 1:00

BaumesBaum

  • Race: Protoss Protoss
  • League: Master
  • Spawn Location: 7:00

VOD

Have the link to the VOD?

Description

Time

  • Played on: March 23, 2024, 2:51 p.m.
  • Length: 9:48
Show
View Real Time Build Order
Export as new Build Order

INnoV Terran - Winner!

Build Orders: Reaper Expand 

Get SALT Encoding   

  12  0:00  SCV  
  13  0:12  SCV  
  14  0:18  Supply Depot  
  14  0:24  SCV  
  15  0:39  SCV  
  15  0:41  Barracks  
  16  0:45  Refinery  
  16  0:51  SCV  
  17  1:04  SCV  
  18  1:16  SCV  
  19  1:29  Orbital Command, Reaper  
  20  1:42  Command Center  
  20  1:52  Supply Depot  
  20  1:54  SCV  
  21  2:01  Marine  
  21  2:07  SCV  
  23  2:19  SCV  
  23  2:20  Bunker  
  23  2:21  Factory  
  24  2:25  Marine  
  25  2:31  SCV  
  25  2:34  Refinery  
  26  2:43  SCV  
  27  2:47  Barracks Reactor  
  27  2:55  SCV  
  28  2:59  Orbital Command  
  28  3:07  Hellion, SCV, Starport  
  31  3:16  Orbital Command  
  31  3:19  SCV  
  32  3:31  Widow Mine, Marine x2  
  32  3:34  SCV  
  37  3:44  Medivac  
  39  3:54  Widow Mine, Marine x2  
  41  3:56  SCV  
  39  4:09  SCV x2  
  41  4:12  Supply Depot  
  41  4:14  Marine x2  
  41  4:16  Starport Tech Lab, Factory Tech Lab  
  43  4:21  SCV x2  
  43  4:23  Barracks  
  45  4:25  Barracks  
  45  4:31  Marine  
  45  4:33  SCV, Marine  
  45  4:34  Engineering Bay  
  45  4:35  SCV  
  45  4:37  Supply Depot  
  49  4:39  Raven  
  49  4:45  Siege Tank  
  54  4:59  SCV x2, Marine x2  
  56  5:03  Terran Infantry Weapons Level 1, Supply Depot  
  56  5:06  Refinery  
  54  5:08  Refinery  
  54  5:11  SCV x2  
  55  5:23  Starport Reactor, Barracks Tech Lab, SCV x2  
  57  5:29  Marine, Supply Depot  
  57  5:33  Marine  
  57  5:34  Siege Tank  
  57  5:35  SCV x2  
  64  5:36  Marine  
  64  5:42  Stimpack, Marine  
  65  5:47  SCV x2, Marine  
  65  5:49  Combat Shield  
  69  5:54  Supply Depot  
  69  5:55  Marauder, Marine  
  72  6:01  Marauder  
  74  6:04  Marine  
  74  6:05  SCV x2  
  77  6:13  Marine  
  77  6:15  Siege Tank, Supply Depot  
  77  6:16  Supply Depot  
  77  6:18  Marauder  
  83  6:20  Medivac  
  83  6:22  SCV x2  
  83  6:25  Marine  
  88  6:28  Medivac  
  88  6:29  Marauder  
  88  6:31  Marine  
  93  6:40  SCV  
  93  6:44  Marauder, Marine  
  97  6:48  Marine  
  97  6:50  SCV  
  97  6:51  Siege Tank  
  102  6:56  SCV  
  102  6:59  Marauder  
  105  7:01  Marine, Medivac  
  105  7:06  Marine  
  109  7:22  Concussive Shells  
  109  7:26  Command Center  
  109  7:28  SCV  
  109  7:36  Marine  
  110  7:37  Barracks Tech Lab  
  110  7:44  Barracks  
  110  7:46  Barracks, Command Center, Supply Depot  
  110  7:48  Factory Reactor, Terran Infantry Armor Level 1  
  110  7:49  Supply Depot  
  110  8:07  Medivac x2  
  110  8:08  Marauder, SCV  
  110  8:09  Marauder, Marine  
  115  8:13  SCV  
  114  8:20  SCV  
  114  8:23  Marine  
  114  8:25  SCV  
  117  8:29  Marauder  
  117  8:30  Marauder  
  117  8:32  SCV  
  122  8:40  SCV  
  123  8:41  Supply Depot  
  123  8:51  Marauder  
  123  8:52  Marauder  
  123  8:59  Marauder  
  123  9:00  SCV x2  
  114  9:03  Barracks Reactor, Marine x2  
  112  9:12  Marauder  
  111  9:21  Marauder x2, Marine  
  111  9:22  Widow Mine x2  
  119  9:25  SCV x2  
  121  9:33  Bunker  
  121  9:34  Refinery  
  121  9:35  Command Center  
  121  9:36  Refinery  
Show
View Real Time Build Order
Export as new Build Order

BaumesBaum Protoss 

Build Orders:  

Get SALT Encoding   

  12  0:01  Probe  
  13  0:13  Probe  
  14  0:18  Pylon  
  14  0:25  Probe  
  15  0:36  Gateway  
  15  0:38  Probe (Chrono Boost)  
  16  0:43  Assimilator  
  16  0:47  Probe (Chrono Boost)  
  17  0:52  Probe (Chrono Boost)  
  18  1:04  Probe  
  19  1:16  Probe  
  20  1:23  Cybernetics Core  
  20  1:24  Zealot  
  22  1:33  Pylon  
  22  1:46  Nexus  
  22  1:57  Adept (Chrono Boost)  
  22  1:58  Assimilator  
  24  2:01  Warp Gate  
  24  2:03  Probe  
  25  2:15  Probe  
  25  2:20  Stalker (Chrono Boost)  
  28  2:28  Probe  
  29  2:40  Probe  
  30  2:57  Stalker  
  32  3:04  Twilight Council  
  32  3:06  Probe x2  
  34  3:18  Probe  
  35  3:32  Probe  
  34  3:37  Probe  
  35  3:44  Probe  
  34  4:01  Probe (Chrono Boost)  
  34  4:02  Blink (Chrono Boost)  
  33  4:05  Probe (Chrono Boost)  
  32  4:12  Robotics Facility  
  32  4:14  Probe (Chrono Boost)  
  32  4:15  Gateway  
  32  4:16  Probe (Chrono Boost)  
  34  4:22  Probe (Chrono Boost)  
  36  4:24  Pylon, Probe (Chrono Boost)  
  36  4:26  Probe (Chrono Boost)  
  36  4:29  Stalker  
  39  4:32  Probe  
  39  4:37  Probe  
  39  4:38  Nexus  
  41  4:41  Pylon  
  41  4:44  Probe  
  42  4:49  Probe  
  42  4:50  Pylon  
  43  4:56  Probe (Chrono Boost)  
  38  5:01  Stalker  
  38  5:02  Observer  
  38  5:05  Probe (Chrono Boost)  
  42  5:08  Probe (Chrono Boost)  
  42  5:13  Stalker  
  46  5:15  Probe (Chrono Boost)  
  46  5:16  Probe (Chrono Boost)  
  46  5:19  Robotics Bay  
  47  5:22  Probe  
  47  5:25  Probe  
  47  5:26  Assimilator  
  47  5:28  Assimilator  
  49  5:33  Stalker  
  49  5:34  Probe  
  53  5:35  Observer  
  53  5:37  Probe  
  54  5:48  Pylon  
  54  5:52  Forge  
  54  5:54  Gateway  
  54  5:55  Gateway, Probe (Chrono Boost)  
  57  6:00  Probe x2 (Chrono Boost)  
  57  6:04  Colossus (Chrono Boost)  
  57  6:08  Probe (Chrono Boost)  
  57  6:09  Probe (Chrono Boost)  
  64  6:12  Probe  
  64  6:14  Protoss Ground Weapons Level 1 (Chrono Boost)  
  64  6:16  Charge  
  65  6:22  Gateway  
  65  6:28  Gateway  
  65  6:35  Gateway  
  65  6:38  Gateway  
  64  6:43  Probe x2 (Chrono Boost)  
  64  6:46  Probe (Chrono Boost), Pylon  
  66  6:55  Observer  
  66  6:59  Colossus (Chrono Boost), Probe x2 (Chrono Boost)  
  65  7:07  Probe  
  70  7:24  Probe x2  
  72  7:34  Zealot x8  
  72  7:36  Probe  
  86  7:41  Shield Battery  
  86  7:50  Shield Battery  
  86  7:52  Extended Thermal Lance (Chrono Boost)  
  86  8:00  Probe x3  
  89  8:10  Zealot x4  
  92  8:18  Probe x2  
  70  8:28  Zealot x3  
  70  8:42  Templar Archives  
  70  8:47  Sentry x5  
  69  9:01  Zealot x3  
  55  9:11  Zealot x2  
  55  9:12  Zealot x2  
  47  9:17  Probe x2  
  47  9:25  Pylon  
  47  9:29  High Templar x2, Probe  
  51  9:33  Archon  
  51  9:36  High Templar x2  
  51  9:37  Zealot x2  
  58  9:41  Archon  
Tags
 
Add a new tag
Caveats
  • Supply blocks, unpowered buildings, or Contaminate may cause inaccurate times.
  • Supply counts are checked every 10 seconds.